 Dungeon Sprint DCSS version 0.18.1-50-g88ac8fd (webtiles) character file.

9300 saintsgambit the Stickfighter (level 11, -9/110 HPs)
             Began as a Minotaur Gladiator on Sept 24, 2016.
             Was the Champion of the Shining One.
             Mangled by an orc warrior
             ... wielding a +0 halberd
              (21 damage)
             ... in the Dungeon (Sprint IX: "|||||||||||||||||||||||||||||").
             The game lasted 00:04:53 (1993 turns).

saintsgambit the Stickfighter (Minotaur Gladiator)  Turns: 1993, Time: 00:04:53

Health: -9/110     AC: 14    Str: 21    XL:     11   Next: 21%
Magic:  12/13      EV: 19    Int:  5    God:    the Shining One [******]
Gold:   709        SH:  6    Dex: 16    Spells: 0 memorised, 10 levels left

rFire  . . .     SeeInvis .     o - +4 quarterstaff (speed)
rCold  . . .     Gourm    .     r - +1 scale mail
rNeg   + + +     Faith    .     (shield currently unavailable)
rPois  .         Spirit   .     c - +0 hat
rElec  .         Dismiss  .     y - +0 cloak
rCorr  .         Reflect  .     p - +0 pair of gloves
SustAt .         Harm     .     q - +0 pair of boots
MR     .....     NoTele   +     (no amulet)
Stlth  ..........               (no ring)
                                t - +3 ring of dexterity

@: divine shield, glowing, not resistant to hostile enchantments, extremely
unstealthy
A: retaliatory headbutt, horns 2
a: Divine Shield, Cleansing Flame, Summon Divine Warrior, Brand Weapon With Holy
Wrath, Renounce Religion


You were in the Dungeon.
You worshipped the Shining One.
The Shining One was exalted by your worship.
You were not hungry.

You visited 1 branch You collected 709 gold pieces.

Inventory:

Hand Weapons
 o - a +4 quarterstaff of speed (weapon)
Missiles
 d - 3 throwing nets (quivered)
Armour
 c - a +0 hat (worn)
 p - a +0 pair of gloves (worn)
 q - a +0 pair of boots (worn)
 r - a +1 scale mail (worn)
 y - a +0 cloak (worn)
Jewellery
 s - a +3 ring of intelligence
 t - a +3 ring of dexterity (left hand)
Wands
 n - a wand of acid (7/15)
Scrolls
 k - 2 scrolls of blinking
 l - 4 scrolls of remove curse
 m - 2 scrolls of amnesia
 v - 2 scrolls of fear
 w - 2 scrolls of recharging
 x - 2 scrolls of enchant weapon
Potions
 a - 2 potions of cure mutation
 b - a potion of might
 e - 6 potions of curing
 h - a potion of haste
 i - 4 potions of magic
 j - a potion of berserk rage
 u - a potion of brilliance
Comestibles
 f - 13 bread rations
 g - 40 fruits
 z - 12 meat rations


   Skills:
 + Level 14.2 Fighting
 + Level 19.3 Staves
 + Level 6.1 Throwing
 + Level 11.1 Armour
 + Level 14.6 Dodging
 + Level 1.2 Stealth
 + Level 4.2 Invocations


You had 10 spell levels left.
You didn't know any spells.

Dungeon Overview and Level Annotations

Branches:
Dungeon (1/1)

Altars:
Cheibriados
Dithmenos
Elyvilon
Fedhas
Gozag
Kikubaaqudgha
Makhleb
Nemelex Xobeh
Okawaru
Pakellas
Qazlal
Ru
Sif Muna
Trog
Vehumet
Xom
Yredelemnul
Zin
The Shining One
Beogh
Jiyva
Lugonu


Innate Abilities, Weirdness & Mutations

You reflexively headbutt those who attack you in melee.
You have a pair of horns on your head.


Message History

Your headbutt misses the orc knight.
The orc knight is lightly wounded.
You thump the orc knight!
The orc knight is moderately wounded.
You bludgeon the orc knight!! You headbutt the orc knight.
The orc knight is severely wounded.
The orc knight hits you with a great sword!!
* * * LOW HITPOINT WARNING * * *
The orc warrior hits you from afar with a halberd.
* * * LOW HITPOINT WARNING * * *
You hit the orc knight. You headbutt the orc knight.
The orc knight is severely wounded.
You hit the orc knight but do no damage.
The orc knight is severely wounded.
You hit the orc knight but do no damage.
The orc knight is severely wounded.
The orc knight closely misses you. You furiously retaliate!
You headbutt the orc knight, but do no damage.
The orc warrior hits you from afar with a halberd!!
You die...

).[...)|.!'______________________
▓▓▓▓▓▓▓▓▓▓▓▓▓▓▓▓▓▓▓▓▓▓▓▓▓▓▓▓▓▓▓▓▓
.................................
▓▓▓▓▓▓▓▓▓▓▓▓▓▓▓▓▓▓▓▓▓▓▓▓▓▓▓▓▓▓▓▓▓
....††††'........÷÷.....÷÷.÷'....
▓▓▓▓▓▓▓▓▓▓▓▓▓▓▓▓▓▓▓▓▓▓▓▓▓▓▓▓▓▓▓▓▓
.................................
▓▓▓▓▓▓▓▓▓▓▓▓▓▓▓▓▓▓▓▓▓▓▓▓▓▓▓▓▓▓▓▓▓
+.ooooo@$)))$)....)))[))
▓▓▓▓▓▓▓▓▓▓▓▓▓▓▓▓▓▓▓▓▓▓▓▓


You could see an orc knight and 4 orc warriors.

Vanquished Creatures
  2 hydras (D)
  A tengu warrior (D)
  An orc knight (D)
  2 hill giants (D)
  4 lindwurms (D)
  An ugly thing (D)
  A black mamba (D)
  2 spiny frogs (D)
  2 komodo dragons (D)
  2 giant leeches (D)
  A hippogriff (D)
  4 water moccasins (D)
  2 porcupines (D)
  A black bear (D)
  5 orc warriors (D)
  A sky beast (D)
  3 giant frogs (D)
  A scorpion (D)
  A jelly (D)
  5 orc priests (D)
  3 orc wizards (D)
  A worker ant (D)
  3 iguanas (D)
  An adder (D)
  A shadow imp (D)
  2 worms (D)
  A giant gecko (D)
  6 orcs (D)
  2 goblins (D)
  2 hobgoblins (D)
  A quokka (D)
  A ball python zombie (D)
  A quokka skeleton (D)
  A rat (D)
68 creatures vanquished.

Notes
Turn   | Place    | Note
--------------------------------------------------------------
     0 | D        | saintsgambit the Minotaur Gladiator began the quest for the Orb.
     0 | D        | Reached XP level 1. HP: 18/18 MP: 0/0
     6 | D        | Reached skill level 4 in Staves
    17 | D        | Noticed a scorpion
    20 | D        | Reached XP level 2. HP: 22/26 MP: 1/1
    25 | D        | Reached skill level 5 in Staves
    29 | D        | Killed a scorpion
    29 | D        | Reached skill level 6 in Staves
    29 | D        | Reached XP level 3. HP: 22/33 MP: 2/2
    39 | D        | Found a glowing silver altar of Zin.
    39 | D        | Found a glowing golden altar of the Shining One.
    39 | D        | Found an ancient bone altar of Kikubaaqudgha.
    39 | D        | Found a basalt altar of Yredelemnul.
    39 | D        | Found a shimmering altar of Xom.
    39 | D        | Found a radiant altar of Vehumet.
    40 | D        | Found an iron altar of Okawaru.
    41 | D        | Found a burning altar of Makhleb.
    42 | D        | Found a deep blue altar of Sif Muna.
    43 | D        | Found a bloodstained altar of Trog.
    44 | D        | Found a sparkling altar of Nemelex Xobeh.
    45 | D        | Found a white marble altar of Elyvilon.
    46 | D        | Found a roughly hewn altar of Beogh.
    51 | D        | Became a worshipper of the Shining One
    56 | D        | Found a viscous altar of Jiyva.
    57 | D        | Found a corrupted altar of Lugonu.
    58 | D        | Found a blossoming altar of Fedhas.
    59 | D        | Found a snail-covered altar of Cheibriados.
    60 | D        | Found a shadowy altar of Dithmenos.
    61 | D        | Found a stormy altar of Qazlal.
    62 | D        | Found an opulent altar of Gozag.
    63 | D        | Found a sacrificial altar of Ru.
    64 | D        | Found an oddly glowing altar of Pakellas.
   118 | D        | Reached * piety under the Shining One
   118 | D        | Noticed a hippogriff
   118 | D        | Noticed a hill giant
   118 | D        | Noticed a giant frog
   118 | D        | Reached ** piety under the Shining One
   120 | D        | Killed a giant frog
   120 | D        | Reached skill level 7 in Staves
   120 | D        | Reached skill level 1 in Armour
   120 | D        | Reached XP level 4. HP: 32/41 MP: 3/3
   128 | D        | Killed a hill giant
   128 | D        | Reached skill level 11 in Staves
   128 | D        | Reached skill level 10 in Dodging
   128 | D        | Reached XP level 5. HP: 41/51 MP: 4/4
   128 | D        | Reached XP level 6. HP: 47/58 MP: 5/5
   128 | D        | Reached XP level 7. HP: 52/64 MP: 6/6
   131 | D        | Reached skill level 5 in Throwing
   133 | D        | Killed a hippogriff
   133 | D        | Reached skill level 12 in Staves
   145 | D        | Reached *** piety under the Shining One
   145 | D        | Noticed a hill giant
   145 | D        | Noticed a brown ugly thing
   145 | D        | Noticed a tengu warrior
   154 | D        | Killed a tengu warrior
   154 | D        | Reached skill level 13 in Staves
   154 | D        | Reached skill level 5 in Armour
   154 | D        | Reached XP level 8. HP: 23/75 MP: 3/7
   167 | D        | Killed a brown ugly thing
   167 | D        | Reached skill level 14 in Staves
   172 | D        | Killed a hill giant
   172 | D        | Reached skill level 15 in Staves
   172 | D        | Reached skill level 1 in Invocations
   172 | D        | Reached XP level 9. HP: 35/85 MP: 4/8
   664 | D        | Noticed a spiny frog
   664 | D        | Reached **** piety under the Shining One
   674 | D        | Killed a spiny frog
   674 | D        | Reached skill level 10 in Fighting
   686 | D        | Noticed a four-headed hydra
   690 | D        | Reached skill level 16 in Staves
   699 | D        | Killed a four-headed hydra
   973 | D        | Noticed a four-headed hydra
   973 | D        | Noticed a komodo dragon
   973 | D        | Noticed a komodo dragon
   973 | D        | Reached ***** piety under the Shining One
   980 | D        | Noticed a black mamba
   982 | D        | Killed a komodo dragon
   982 | D        | Reached XP level 10. HP: 77/96 MP: 6/10
   987 | D        | Noticed a spiny frog
  1001 | D        | Reached skill level 17 in Staves
  1008 | D        | Killed a four-headed hydra
  1011 | D        | Killed a black mamba
  1014 | D        | Killed a spiny frog
  1014 | D        | Reached skill level 10 in Armour
  1014 | D        | Reached skill level 1 in Stealth
  1325 | D        | Noticed a lindwurm
  1325 | D        | Noticed a lindwurm
  1325 | D        | Noticed a lindwurm
  1351 | D        | Killed a lindwurm
  1351 | D        | Reached skill level 18 in Staves
  1359 | D        | Noticed a lindwurm
  1360 | D        | Killed a lindwurm
  1369 | D        | Killed a lindwurm
  1383 | D        | Reached ****** piety under the Shining One
  1392 | D        | Killed a lindwurm
  1392 | D        | Reached XP level 11. HP: 6/108 MP: 12/12
  1862 | D        | Noticed an orc knight
  1887 | D        | Killed an orc knight
  1887 | D        | Reached skill level 19 in Staves
  1967 | D        | Noticed an orc knight
  1993 | D        | Mangled by an orc warrior

Skill      XL: |  1  2  3  4  5  6  7  8  9 10 11 |
---------------+----------------------------------+-----
Staves         | 4 6 7 11 13 15 16 18 19 | 19.3
Dodging        | 4 6 7 10 12 13 14 | 14.6
Fighting       | 3 4 6 8 9 11 13 14 | 14.2
Throwing       | 3 4 5 6 |  6.1
Armour         | 1 3 5 6 8 10 11 | 11.1
Invocations    | 1 2 3 4 |  4.2
Stealth        | 1 |  1.2

Action                   |  1- 3 |  4- 6 |  7- 9 | 10-12 || total
-------------------------+-------+-------+-------+-------++-------
Melee: Quarterstaff      |    24 |     8 |    79 |   171 ||   282
       Headbutt          |     3 |     2 |    26 |    46 ||    77
Invok: Divine Shield     |       |       |     3 |     2 ||     5
  Use: Potion            |       |       |     2 |     1 ||     3
  Eat: Chunk             |       |       |       |     1 ||     1
       Bread ration      |       |       |       |     1 ||     1
Armor: Leather armour    |     1 |       |       |       ||     1
       Scale mail        |       |     1 |    12 |    12 ||    25
Dodge: Dodged            |    14 |     2 |    16 |    43 ||    75
Block: Other             |       |       |     3 |    10 ||    13
